 Dungeon Crawl Stone Soup version 0.22.1-1-ga44c0e56f4 (webtiles) character file.

938 Kaderl the Firebug (level 8, -12/54 HPs)
             Began as a Human Fire Elementalist on Sept 30, 2018.
             Blown up by an orc warrior (20 damage)
             ... with a wand of disintegration (9)
             ... on level 6 of the Dungeon.
             The game lasted 00:35:42 (7877 turns).

Kaderl the Firebug (Human Fire Elementalist)        Turns: 7877, Time: 00:35:42

Health: -12/54     AC:  5    Str:  9    XL:     8   Next: 34%
Magic:  5/15       EV: 13    Int: 17    God:
Gold:   502        SH:  0    Dex: 14    Spells: 8/17 levels left

rFire    . . .     SeeInvis .   (no weapon)
rCold    . . .     Gourm    .   (no shield)
rNeg     . . .     Faith    .   e - +0 robe
rPois    .         Spirit   .   (no helmet)
rElec    .         Reflect  .   k - +0 cloak
rCorr    .         Harm     .   o - +0 pair of gloves
MR       .....                  m - +0 pair of boots
Stlth    ++........             (no amulet)
HPRegen  0.18/turn              (no ring)
MPRegen  0.14/turn              (no ring)

@: no status effects
A: no striking features
a: no special abilities


You were on level 6 of the Dungeon.
You were not hungry.

You visited 2 branches of the dungeon, and saw 7 of its levels.
You also visited: Sewer.

You collected 502 gold pieces.

Inventory:

Armour
 e - a +0 robe (worn)
 k - a +0 cloak (worn)
 m - a +0 pair of boots (worn)
 o - a +0 pair of gloves (worn)
Wands
 l - a wand of acid (5)
 n - a wand of flame (11)
Scrolls
 a - 7 scrolls of identify
 d - 2 scrolls of noise
 g - a scroll of fear
 i - 2 scrolls of teleportation
 p - a scroll of enchant weapon
 q - a scroll of magic mapping
 s - a scroll of immolation {unknown}
Potions
 b - a potion of curing
 c - a potion of might
 f - a potion of agility
 h - a potion of lignification
 j - 2 potions of flight {unknown}
 r - 2 potions of brilliance {unknown}


   Skills:
 + Level 1.0 Fighting
 + Level 3.0 Dodging
 + Level 2.7 Stealth
 + Level 0.7 Unarmed Combat
 + Level 5.2 Spellcasting
 + Level 4.4 Conjurations
 + Level 5.4 Fire Magic


You had 8 spell levels left.
You knew the following spells:

 Your Spells              Type           Power        Failure   Level  Hunger
a - Flame Tongue          Conj/Fire      ###..        1%          1    None
b - Throw Flame           Conj/Fire      ###...       2%          2    #......
c - Conjure Flame         Conj/Fire      ###.....     5%          3    ###....
d - Inner Flame           Hex/Fire       ##......     14%         3    ###....

Your spell library contained the following spells:

 Spells                   Type           Power        Failure   Level  Hunger
 Sticky Flame             Conj/Fire      ###.....     19%         4    ####...
 Fireball                 Conj/Fire      ###.......   45%         5    ######.
 Cause Fear               Hex            #.........   80%         4    ####...
 Metabolic Englaciation   Hex/Ice        #.........   98%         5    ######.
 Summon Mana Viper        Hex/Summ       #.......     98%         5    ######.
 Invisibility             Hex            #.......     100%        6    #######


Dungeon Overview and Level Annotations

Branches:
Dungeon (6/15)             Temple (1/1) D:4

Altars:
Ashenzari
Cheibriados
Dithmenos
Elyvilon
Fedhas
Gozag
Hepliaklqana
Makhleb
Okawaru
Qazlal
Ru
Sif Muna
Trog
Uskayaw
Vehumet
Wu Jian
Xom
Yredelemnul
Zin
The Shining One

Annotations:
D:6 3 runed doors, VeryBadPlayer's ghost, novice DEWz


Message History

The orc warrior is moderately wounded.
Evoke which item? (* to show all) (? for menu, Esc to quit)
Aiming: Throw Flame
Press: ? - help, Shift-Dir - straight line, f/p - orc warrior
Aim: an orc warrior, wielding a scimitar and wearing a plate armour (moderately The puff of flame hits the orc warrior.
The orc warrior appears unharmed.
The orc warrior is moderately wounded.
The orc warrior hits you with a scimitar!!
The orc warrior zaps a wand.
You are blasted!
* * * LOW HITPOINT WARNING * * *
It is a wand of disintegration (12).
The orc warrior zaps a wand.
You struggle to resist.
The orc jeers loudly.
The orc warrior zaps a wand.
You are blasted!
* * * LOW HITPOINT WARNING * * *
Your magical contamination has completely faded away.
The orc warrior zaps a wand.
You are blasted!
* * * LOW HITPOINT WARNING * * *
The orc warrior zaps a wand.
You are blasted!
You die...

############ #......o...##
#......o#...# #.......#...#
################.......#...##
##..............@.......##...#
...###########..#.......##..o##
#### #####<..##.......###.o.##
# #.....####.......# ##...## ##
###.##### ######### ##...#
.#####.....# #...# .....#.#.###
##... .#####.._..# #... ...#
###.#.# #...


You could see an orc warrior and an orc.

Vanquished Creatures
  A necrophage (D:6)
  A crocodile (Sewer)
  A howler monkey (D:6)
  A bullfrog zombie (D:5)
  A jelly (D:6)
  A hound (D:5)
  An orc priest (D:6)
  6 orc wizards
  2 bullfrog skeletons (D:5)
  Terence (D:3)
  Ijyb (D:2)
  2 iguanas
  2 worker ants
  6 adders
  An ooze (D:1)
  An adder zombie (D:3)
  5 worms
  5 dart slugs
  4 leopard geckos
  31 orcs
  3 ball pythons
  8 giant cockroaches
  8 hobgoblins
  5 jackals
  11 kobolds
  2 quokkas
  6 bats
  5 frilled lizards
  8 goblins
  7 rats
137 creatures vanquished.

Vanquished Creatures (others)
  2 withered plants (D:6)
2 creatures vanquished.

Grand Total: 139 creatures vanquished

Notes
Turn   | Place    | Note
-------+----------+-------------------------------------------
     0 | D:1      | Kaderl the Human Fire Elementalist began the quest for the
                  | Orb.
     0 | D:1      | Reached XP level 1. HP: 13/13 MP: 3/3
   124 | D:1      | Reached XP level 2. HP: 14/19 MP: 0/5
   628 | D:1      | Reached XP level 3. HP: 24/24 MP: 4/6
   669 | D:1      | Learned a level 2 spell: Throw Flame
  1495 | D:2      | Reached XP level 4. HP: 30/30 MP: 4/7
  2130 | D:2      | Learned a level 3 spell: Conjure Flame
  2394 | D:3      | Noticed Ijyb
  2411 | D:3      | Reached XP level 5. HP: 34/35 MP: 3/9
  2567 | D:3      | Found a glowing drain.
  2648 | Sewer    | Entered a sewer
  2890 | Sewer    | Noticed a crocodile
  2905 | Sewer    | Killed a crocodile
  2905 | Sewer    | Reached XP level 6. HP: 26/42 MP: 3/10
  3174 | D:3      | Noticed Terence
  3185 | D:3      | Killed Terence
  4250 | D:2      | Killed Ijyb
  4477 | D:4      | Found a staircase to the Ecumenical Temple.
  4494 | Temple   | Entered the Ecumenical Temple
  4772 | D:4      | HP: 1/42 [orc/flail (10)]
  5189 | D:4      | Identified the Almanac of Execration
  5448 | D:5      | Entered Level 5 of the Dungeon
  5453 | D:5      | Reached XP level 7. HP: 47/47 MP: 5/12
  6139 | D:5      | Reached skill level 5 in Fire Magic
  7056 | D:5      | Found an ornate altar of the Wu Jian Council.
  7061 | D:5      | Reached XP level 8. HP: 53/53 MP: 9/15
  7090 | D:5      | Learned a level 3 spell: Inner Flame
  7098 | D:6      | Found a runed gate.
  7098 | D:6      | Found a runed gate.
  7098 | D:6      | Found a runed gate.
  7102 | D:6      | Noticed VeryBadPlayer's ghost (novice DEWz)
  7236 | D:6      | Reached skill level 5 in Spellcasting
  7442 | D:6      | Reached skill level 1 in Fighting
  7720 | D:6      | Found an opulent altar of Gozag.
  7877 | D:6      | Blown up by an orc warrior

Skill      XL: |  1  2  3  4  5  6  7  8 |
---------------+-------------------------+-----
Conjurations   | 2 3 4 |  4.4
Spellcasting   | 3 4 5 |  5.2
Fire Magic     | 4 5 |  5.4
Dodging        | 3 |  3.0
Fighting       | 1 |  1.0
Stealth        | |  2.7
Unarmed Combat | |  0.7

Action                   |  1- 3 |  4- 6 |  7- 9 || total
-------------------------+-------+-------+-------++-------
Melee: Unarmed           |    45 |    37 |     1 ||    83
       Club              |       |       |    37 ||    37
 Cast: Flame Tongue      |    52 |   183 |    67 ||   302
       Throw Flame       |       |    13 |    55 ||    68
Evoke: Wand              |       |       |    14 ||    14
  Use: Scroll            |     2 |     8 |     4 ||    14
  Eat: Ration            |     1 |     4 |     3 ||     8
Armor: Robe              |    11 |    10 |    15 ||    36
Dodge: Dodged            |    37 |    72 |    40 ||   149
